 Dungeon Sprint DCSS version 0.30.0-30-g96aa6591b8 (webtiles) character file.

Game seed: 4953162030385510238

25011 Groucho the Ninja (level 12, 66/66 HPs)
             Began as a Felid Berserker on June 26, 2023.
             Was a High Priest of Trog.
             Got out of the dungeon alive.
             The game lasted 00:17:50 (4787 turns).

Groucho the Ninja (Felid Berserker)                 Turns: 4787, Time: 00:17:50

Health: 66/66      AC:  3    Str: 15    XL:     12   Next: 85%
Magic:  30/30      EV: 37    Int:  8    God:    Trog [*****.]
Gold:   3040       SH:  0    Dex: 22    Spells: 24/24 levels left
                                        Lives:  2   Deaths: 0

rFire   + .          .
                       - Unarmed
rCold   + . .        (shield unavailable)
rNeg    . . .        (body armour unavailable)
rPois   +            (helmet unavailable)
rElec   .            (cloak unavailable)
rCorr   .            (gloves unavailable)
SInv    +            (boots unavailable)
Will    +....        s - amulet of guardian spirit
Stlth   ++++++++++   t - ring "Gubredgh" {rPois MP+9 Dex+3}
HPRegen 0.31/turn    k - ring of protection from fire
MPRegen 0.22/turn

%: no teleportation, guardian spirit
@: quick
A: very small, claws 1, fangs 3, see invisible, speed 1, shaggy fur 3, stealthy
paws, no weapons or thrown items, no armour, multi-lived, low MP 1, screaming 1
a: Renounce Religion, Berserk, Trog's Hand, Brothers in Arms


You escaped.
You worshipped Trog.
Trog was extremely pleased with you.
You visited 1 branch You collected 5936 gold pieces.
You spent 2896 gold pieces at shops.

Inventory:

Jewellery
 h - a +6 ring of strength
 k - a ring of protection from fire (right paw)
 l - a ring of flight
 s - an amulet of guardian spirit (around neck)
 t - the ring "Gubredgh" (left paw) {rPois MP+9 Dex+3}
   (You acquired it in the Dungeon)

   [ring of magical power]

   Dex:       It affects your dexterity (+3).
   rPois:     It protects you from poison.
   MP:        It affects your magic capacity (+9).
Wands
 g - a wand of paralysis (6)
 m - a wand of flame (18)
Scrolls
 f - a scroll of immolation {unknown}
 i - 2 scrolls of enchant weapon {unknown}
 j - a scroll of fog {unknown}
 r - a scroll of enchant armour {unknown}
Potions
 a - 3 potions of curing
 b - 2 potions of might {unknown}
 c - a potion of haste
 d - 2 potions of magic
 e - a potion of berserk rage
 n - 2 potions of brilliance {unknown}
 o - 2 potions of degeneration {unknown}
 p - a potion of flight {unknown}
 q - 3 potions of attraction {unknown}


   Skills:
 + Level 15.9 Fighting
 + Level 20.1 Dodging
 O Level 27 Stealth
 + Level 15.9 Unarmed Combat
 + Level 6.9 Spellcasting


You had 24 spell levels left.
You didn't know any spells.
Your spell library was empty.

Dungeon Overview and Level Annotations

Branches:
Dungeon (1/1)

Altars:
Cheibriados
Dithmenos
Elyvilon
Fedhas
Gozag
Hepliaklqana
Kikubaaqudgha
Makhleb
Nemelex Xobeh
Okawaru
Qazlal
Ru
Sif Muna
Trog
Uskayaw
Vehumet
Wu Jian
Xom
Yredelemnul
Zin
The Shining One
Jiyva
Lugonu

Shops:
D *(=?*!(*(*(=!?([[=?[*:

Annotations:
D exclusion: oklob plant


Innate Abilities, Weirdness & Mutations

You have sharp claws.
You have razor-sharp teeth.
You have supernaturally acute eyesight. (SInv)
You cover ground quickly. (Speed+)
Your thick and shaggy fur keeps you warm. (AC +3, rC+)
Your paws help you pounce on unaware monsters.
You are incapable of wielding weapons or throwing items.
You cannot wear armour.
You gain extra lives every three experience levels.
Your magical capacity is low. (-10% MP)
You occasionally shout uncontrollably at your foes.


Message History

You start resting.
Your iron troll rages.
Your iron troll is no longer berserk.
Your iron troll disappears in a puff of smoke!
HP restored.
You start waiting.
A gargoyle comes into view. It is wielding a +0 morningstar.
Really walk into a travel-excluded area?
Things that are here:
a +0 long sword; a +0 leather armour
There is an open door, spattered with blood here.
You see here a +0 spear of pain.
There is an open door here.
There is an open door here.
There is an open door, spattered with blood here.
There is an open door here.
There is an open door here.
Search for what [Enter for "dig", or ? for help]? exp Can't find anything matching that.
Unknown command.
Items here: )) [[.
There is an open door, spattered with blood here.
There is an open door here.
There is an open door here.
There is an open door here.
There is an open door, spattered with blood here.
Things that are here:
a +0 scythe; a +0 robe
There is an open door here.
You see here a +0 giant club.
There is an open door here.
Things that are here:
a +0 dagger of flaming; a +0 leather armour
There is a staircase leading out of the dungeon here.
Are you sure you want to leave the Dungeon?
This will make you lose the game!
Alright, then stay!
Are you sure you want to leave the Dungeon?
This will make you lose the game!
Alright, then stay!
Are you sure you want to leave the Dungeon?
This will make you lose the game!
You have escaped!

##################
#@.#..'..#..'..#__
#..)).#..)..#..'..
#..#####'#####'#__
#..####..#...#[###
#..#__####..##:#§§
#..#_____##'#_.'§§
#⌠⌠#_.∩...'..._#~~
####_..__##_.#'##'
#_____###'#(#.§


There were no monsters in sight!

Vanquished Creatures
  the Lernaean hydra (D)
  A golden dragon (D)
  A shadow dragon (D)
  A lorocyproca (D)
  A deep elf annihilator (D)
  A hydra (D)
  2 centaur warriors (D)
  Sonja (D)
  A deep troll (D)
  A lindwurm (D)
  An oklob plant (D)
  A merfolk siren (D)
  A gargoyle (D)
  7 unseen horrors (D)
  A hornet (D)
  A slime creature (D)
  Sigmund (D)
  A yak (D)
  13 hogs (D)
  2 redbacks (D)
  3 floating eyes (D)
  An ogre (D)
  7 necrophages (D)
  8 jellies (D)
  Ijyb (D)
60 creatures vanquished.

Vanquished Creatures (collateral kills)
  4 fire giants (D)
  8 shining eyes (D)
  4 demonic crawlers (D)
  2 kobold demonologists (D)
  4 floating eyes (D)
  A ballistomycete spore (D)
23 creatures vanquished.

Vanquished Creatures (others)
  A merfolk siren (D)
  A hellwing (D)
  2 hornets (D)
  A ballistomycete spore (D)
5 creatures vanquished.

Grand Total: 88 creatures vanquished

Notes
Turn   | Place    | Note
-------+----------+-------------------------------------------
     0 | D        | Groucho the Felid Berserker began the quest for the Orb.
     0 | D        | Reached XP level 1. HP: 10/10 MP: 2/2
     2 | D        | Noticed Ijyb
     5 | D        | Paralysed by Ijyb for 2 turns
    12 | D        | Killed Ijyb
    13 | D        | Reached skill level 8 in Stealth
    13 | D        | Reached XP level 2. HP: 5/14 MP: 3/3
   260 | D        | Noticed an ogre
   269 | D        | Killed an ogre
   270 | D        | Reached skill level 12 in Stealth
   270 | D        | Reached XP level 3. HP: 17/17 MP: 4/4
   270 | D        | Reached XP level 4. HP: 21/21 MP: 5/5
   413 | D        | Noticed Sigmund
   419 | D        | Killed Sigmund
   419 | D        | Reached ** piety under Trog
   420 | D        | Reached skill level 17 in Stealth
   420 | D        | Reached XP level 5. HP: 24/24 MP: 6/6
   420 | D        | Gained mutation: You are covered in thick fur. (AC +2)
                  | [Felid growth]
   420 | D        | Reached XP level 6. HP: 28/28 MP: 7/7
   486 | D        | Found a shimmering blue altar of Sif Muna.
   487 | D        | Found an ornate altar of the Wu Jian Council.
   488 | D        | Found a radiant altar of Vehumet.
   494 | D        | Found Xucoos's Magic Scroll Emporium.
   494 | D        | Found an ancient bone altar of Kikubaaqudgha.
   494 | D        | Found a hazy altar of Hepliaklqana.
   494 | D        | Found a stormy altar of Qazlal.
   494 | D        | Found a hide-covered altar of Uskayaw.
   494 | D        | Found a blossoming altar of Fedhas.
   494 | D        | Found a bloodstained altar of Trog.
   494 | D        | Found an iron altar of Okawaru.
   494 | D        | Found a basalt altar of Yredelemnul.
   494 | D        | Found a glowing golden altar of the Shining One.
   494 | D        | Found a snail-covered altar of Cheibriados.
   494 | D        | Found a sacrificial altar of Ru.
   494 | D        | Found a glowing silver altar of Zin.
   494 | D        | Found a shadowy altar of Dithmenos.
   494 | D        | Found a white marble altar of Elyvilon.
   494 | D        | Noticed a yak
   501 | D        | Killed a yak
   502 | D        | Reached skill level 19 in Stealth
   502 | D        | Found an opulent altar of Gozag.
   540 | D        | Found a sparkling altar of Nemelex Xobeh.
   544 | D        | Bought a scroll of blinking for 75 gold pieces
   581 | D        | Found a burning altar of Makhleb.
   581 | D        | Found a shimmering altar of Xom.
   581 | D        | Noticed a slime creature
   582 | D        | Found a viscous altar of Jiyva.
   582 | D        | Found a corrupted altar of Lugonu.
   584 | D        | Killed a slime creature
   585 | D        | Reached skill level 21 in Stealth
   585 | D        | Reached XP level 7. HP: 31/31 MP: 8/8
   606 | D        | Noticed a centaur warrior
   607 | D        | Noticed a centaur warrior
   608 | D        | Killed a centaur warrior
   608 | D        | Reached *** piety under Trog
   609 | D        | Reached skill level 24 in Stealth
   609 | D        | Reached XP level 8. HP: 34/34 MP: 9/9
   609 | D        | Killed a centaur warrior
   610 | D        | Reached skill level 26 in Stealth
   617 | D        | Noticed a hornet
   620 | D        | Killed a hornet
   621 | D        | Reached XP level 9. HP: 37/37 MP: 10/10
   631 | D        | Noticed an oklob plant
   633 | D        | Killed an oklob plant
   634 | D        | Reached skill level 27 in Stealth
   634 | D        | Reached skill level 5 in Dodging
   641 | D        | Reached **** piety under Trog
   667 | D        | Reached skill level 5 in Fighting
   667 | D        | Reached skill level 5 in Unarmed Combat
   672 | D        | Noticed an unseen horror
   673 | D        | Noticed an unseen horror
   711 | D        | Killed an unseen horror
   724 | D        | Killed an unseen horror
  1057 | D        | Reached ***** piety under Trog
  1231 | D        | Reached ****** piety under Trog
  1242 | D        | Reached XP level 10. HP: 26/47 MP: 11/11
  1249 | D        | Identified the +2 robe "Byluts" {Drain rN+ Int+3 Archmagi}
  1551 | D        | Found Urimipup's Assorted Antiques.
  1551 | D        | Found Kixta's Weapon Shop.
  1551 | D        | Found Tuut's Weapon Boutique.
  1553 | D        | Found Reoxau's Assorted Antiques.
  1553 | D        | Found Feruf's Weapon Shop.
  1553 | D        | Found Kyelakaj's Jewellery Shoppe.
  1553 | D        | Found Houbarhi's Distillery.
  1553 | D        | Found Tiotyum's Magic Scroll Emporium.
  1553 | D        | Found Benon's Antique Weapon Shop.
  1553 | D        | Found Dasse Cusk's Armour Shoppe.
  1559 | D        | Found Xefir's Armour Boutique.
  1560 | D        | Found Toapoga's Magic Scroll Emporium.
  1560 | D        | Found Cageatos's Jewellery Boutique.
  1561 | D        | Found Mideopoe's General Store.
  1592 | D        | Bought a ring of protection from fire for 250 gold pieces
  1592 | D        | Bought a ring of flight for 175 gold pieces
  1635 | D        | Noticed a deep troll
  1637 | D        | Killed a deep troll
  1638 | D        | Reached skill level 10 in Dodging
  1649 | D        | Found Gaaxuich's Armour Emporium.
  1663 | D        | Noticed Sonja
  1666 | D        | Killed Sonja
  1727 | D        | Found Bogeeboy's Assorted Antiques.
  1764 | D        | Paralysed by a floating eye for 2 turns
  1980 | D        | Noticed a demonic crawler
  1980 | D        | Noticed a demonic crawler
  1980 | D        | Noticed a demonic crawler
  1980 | D        | Noticed a demonic crawler
  1984 | D        | Killed a demonic crawler
  1985 | D        | Killed a demonic crawler
  1990 | D        | Killed a demonic crawler
  1993 | D        | Killed a demonic crawler
  1994 | D        | Reached skill level 10 in Fighting
  1994 | D        | Reached skill level 10 in Unarmed Combat
  2307 | D        | Noticed a lindwurm
  2311 | D        | Killed a lindwurm
  2344 | D        | Reached XP level 11. HP: 35/55 MP: 12/12
  2670 | D        | Noticed a 12-headed hydra
  2672 | D        | Killed a 12-headed hydra
  2675 | D        | Reached skill level 15 in Dodging
  2738 | D        | Noticed a shadow dragon
  2738 | D        | Noticed a golden dragon
  2740 | D        | Killed a shadow dragon
  2741 | D        | Killed a golden dragon
  2792 | D        | Found Zeusor's Book Shoppe.
  2892 | D        | Noticed a shining eye
  2892 | D        | Noticed a shining eye
  2892 | D        | Noticed a shining eye
  2892 | D        | Noticed a shining eye
  2892 | D        | Noticed a shining eye
  2892 | D        | Noticed a shining eye
  2894 | D        | Killed a shining eye
  2895 | D        | Gained mutation: You occasionally shout uncontrollably at
                  | your foes. [a shining eye]
  2896 | D        | Killed a shining eye
  2896 | D        | Killed a shining eye
  2897 | D        | Killed a shining eye
  2898 | D        | Noticed a shining eye
  2898 | D        | Noticed a shining eye
  2898 | D        | Gained mutation: Your magical capacity is low. (-10% MP) [a
                  | shining eye]
  2899 | D        | Killed a shining eye
  2903 | D        | Killed a shining eye
  2903 | D        | Killed a shining eye
  2904 | D        | Gained mutation: Your thick and shaggy fur keeps you warm.
                  | (AC +3, rC+) [Felid growth]
  2904 | D        | Reached XP level 12. HP: 64/64 MP: 11/11
  2909 | D        | Found Puhaycw's General Store.
  2909 | D        | Found Joqizi's Jewellery Emporium.
  2909 | D        | Found Gatz's Distillery.
  2910 | D        | Found Jitti's Antique Weapon Shoppe.
  2926 | D        | Bought an amulet of guardian spirit for 420 gold pieces
  3053 | D        | Bought 2 scrolls of acquirement for 1456 gold pieces
  3103 | D        | Bought a scroll of acquirement for 520 gold pieces
  3106 | D        | Acquired 683 gold pieces
  3107 | D        | Acquired 615 gold pieces
  3111 | D        | Acquired the ring "Gubredgh" {rPois MP+9 Dex+3}
  3113 | D        | Acquired 896 gold pieces
  3168 | D        | Reached skill level 1 in Spellcasting
  3305 | D        | Noticed a lorocyproca
  3322 | D        | Killed a lorocyproca
  3876 | D        | Noticed a daeva
  4100 | D        | Noticed a fire giant
  4103 | D        | Noticed a fire giant
  4104 | D        | Noticed a fire giant
  4108 | D        | Killed a fire giant
  4116 | D        | Killed a fire giant
  4117 | D        | Reached skill level 15 in Fighting
  4117 | D        | Reached skill level 15 in Unarmed Combat
  4119 | D        | Killed a fire giant
  4120 | D        | Reached skill level 5 in Spellcasting
  4121 | D        | Noticed a fire giant
  4128 | D        | Killed a fire giant
  4438 | D        | Noticed a deep elf annihilator
  4519 | D        | Killed a deep elf annihilator
  4605 | D        | Noticed the 27-headed Lernaean hydra
  4614 | D        | Noticed a mummy priest
  4615 | D        | Killed the 26-headed Lernaean hydra
  4787 | D        | Got out of the dungeon alive.

Illustrated notes

Levels and vault maps discovered:
D:        dungeon_sprint_1 [red_sonja_temple_1, red_sonja_temple_small_1]

Skill      XL: |  1  2  3  4  5  6  7  8  9 10 11 12 |
---------------+-------------------------------------+-----
Stealth        | 8 12 17 21 24 26 27 | 27.0
Dodging        | 9 13 17 20 | 20.1
Fighting       | 7 10 14 15 | 15.9
Unarmed Combat | 7 10 14 15 | 15.9
Spellcasting   | 6 |  6.9

Action                     |  1- 3 |  4- 6 |  7- 9 | 10-12 || total
---------------------------+-------+-------+-------+-------++-------
  Melee: Unarmed           |     8 |    10 |    61 |   120 ||   199
         Bite              |     1 |     3 |     9 |    15 ||    28
         Punch             |       |       |     4 |     9 ||    13
 Invoke: Berserk           |     2 |     2 |     1 |     2 ||     7
         Trog's Hand       |       |     1 |     1 |     1 ||     3
         Brothers in Arms  |       |       |       |    13 ||    13
    Use: Potion            |     1 |       |       |     2 ||     3
         Scroll            |       |       |     1 |     5 ||     6
   Stab: Sleeping          |     1 |     2 |    15 |    11 ||    29
 Armour: Skin              |       |       |     6 |     3 ||     9
  Dodge: Dodged            |       |     4 |    50 |    95 ||   149
